| TOP OF THE 1ST |
|
Roswell Invaders batting - Pitching for Miami Beach Marlins : LHP Matt Payne
|
|
Pitching: LHP Matt Payne
|
|
|
Batting: RHB Orlando Florez
|
0-0: Called Strike 0-1: Ball 1-1: Foul Ball, location: 2F 1-2: Ball 2-2: Ball 3-2: Ground out 4-3 (Groundball, 4, EV 76.9 MPH)
|
|
Batting: SHB Ethan Newby
|
0-0: Called Strike 0-1: TRIPLE (Flyball, 78XD, EV 113.8 MPH)
|
|
Batting: LHB Dallas Kelly
|
0-0: Called Strike 0-1: Called Strike 0-2: Ball 1-2: Ball 2-2: Ball 3-2: Strikes out looking
|
|
Batting: RHB Mike Swift
|
0-0: Swinging Strike 0-1: Ball 1-1: Ball 2-1: Swinging Strike 2-2: Foul Ball, location: 7LSF, Error on foul ball, E7 2-2: Foul Ball, location: 2F 2-2: Strikes out looking
|
| Top of the 1st over - 0 runs, 1 hit, 1 error, 1 left on base; Roswell 0 - Miami Beach 0 |
| BOTTOM OF THE 1ST |
|
Miami Beach Marlins batting - Pitching for Roswell Invaders : LHP Henry Torres
|
|
Pitching: LHP Henry Torres
|
|
|
Batting: RHB Dale Young
|
0-0: Ball 1-0: Ball 2-0: Ball 3-0: Base on Balls
|
|
Batting: LHB Mike Kara
|
0-0: Reached on error, E4 (Groundball, 4, EV 85.0 MPH) Dale Young to second
|
|
Batting: RHB Steve Barnard
|
0-0: Ball 1-0: Ball 2-0: Ball 3-0: Base on Balls Dale Young to third Mike Kara to second
|
|
Batting: LHB Eric Bailey
|
0-0: Foul Ball, location: 2F 0-1: Called Strike 0-2: Foul Ball, location: 2F 0-2: Ball 1-2: Foul Ball, location: 2F 1-2: Ball 2-2: Grounds into double play, 4-6-3 (Groundball, 4, EV 84.4 MPH) Dale Young scores Mike Kara to third
|
|
Batting: RHB Willie Chavez
|
0-0: Ball 1-0: Ball 2-0: Called Strike 2-1: Foul Ball, location: 2F 2-2: Foul Ball, location: 2F 2-2: Strikes out swinging
|
| Bottom of the 1st over - 1 run, 0 hits, 1 error, 1 left on base; Roswell 0 - Miami Beach 1 |
| TOP OF THE 2ND |
|
Roswell Invaders batting - Pitching for Miami Beach Marlins : LHP Matt Payne
|
|
Batting: RHB Josh Burrows
|
0-0: Swinging Strike 0-1: Ball 1-1: SINGLE (Groundball, 6MD, EV 97.5 MPH)
|
|
Batting: RHB Cody Savastand
|
0-0: Bunt missed! 0-1: Sac Bunt to 2L - play at first, batter OUT! 2-4 Josh Burrows to second
|
|
Batting: LHB Josh Thomas
|
0-0: Ball 1-0: Called Strike 1-1: Ground out 4-3 (Groundball, 4S, EV 72.5 MPH) Josh Burrows to third
|
|
Batting: LHB Afanasy Apatenko
|
0-0: Swinging Strike 0-1: Swinging Strike 0-2: Ball 1-2: Ball 2-2: Ball 3-2: Strikes out looking
|
| Top of the 2nd over - 0 runs, 1 hit, 0 errors, 1 left on base; Roswell 0 - Miami Beach 1 |
| BOTTOM OF THE 2ND |
|
Miami Beach Marlins batting - Pitching for Roswell Invaders : LHP Henry Torres
|
|
Batting: LHB Angelo Estrella
|
0-0: Called Strike 0-1: Ball 1-1: Called Strike 1-2: Ball 2-2: Ball 3-2: Base on Balls
|
|
Batting: RHB J.D. Vander Klok
|
0-0: Grounds into double play, 4-6-3 (Groundball, 4MS, EV 85.0 MPH)
|
|
Batting: RHB Andy Kelly
|
0-0: SINGLE (Flyball, 4D, EV 90.0 MPH)
|
|
Batting: RHB Axel Moltke
|
0-0: Called Strike 0-1: Foul Ball, location: 2F 0-2: Fly out, F9 (Flyball, 9, EV 76.9 MPH)
|
| Bottom of the 2nd over - 0 runs, 1 hit, 0 errors, 1 left on base; Roswell 0 - Miami Beach 1 |
| TOP OF THE 3RD |
|
Roswell Invaders batting - Pitching for Miami Beach Marlins : LHP Matt Payne
|
|
Batting: LHB Falco van Koeveringe
|
0-0: Swinging Strike 0-1: Foul Ball, location: 2F 0-2: Ball 1-2: Ball 2-2: Foul Ball, location: 2F 2-2: Strikes out swinging
|
|
Batting: RHB Orlando Florez
|
0-0: Ball 1-0: Foul Ball, location: 2F 1-1: Swinging Strike 1-2: Ball 2-2: Ball 3-2: Foul Ball, location: 2F 3-2: Strikes out swinging
|
|
Batting: SHB Ethan Newby
|
0-0: Swinging Strike 0-1: Foul Ball, location: 2F 0-2: Ball 1-2: Foul Ball, location: 2F 1-2: Strikes out looking
|
| Top of the 3rd over - 0 runs, 0 hits, 0 errors, 0 left on base; Roswell 0 - Miami Beach 1 |
| BOTTOM OF THE 3RD |
|
Miami Beach Marlins batting - Pitching for Roswell Invaders : LHP Henry Torres
|
|
Batting: RHB Dale Young
|
0-0: Ball 1-0: Foul Ball, location: 2F 1-1: Ball 2-1: Foul Ball, location: 2F 2-2: Fly out, F7 (Flyball, 78XD, EV 80.6 MPH)
|
|
Batting: LHB Mike Kara
|
0-0: Called Strike 0-1: Ball 1-1: Ball 2-1: Foul Ball, location: 2F 2-2: Foul Ball, location: 2F 2-2: DOUBLE (Line Drive, 7LS, EV 108.8 MPH)
|
|
Batting: RHB Steve Barnard
|
0-0: Swinging Strike 0-1: Ball 1-1: Called Strike 1-2: Strikes out looking
|
|
Batting: LHB Eric Bailey
|
0-0: Ball 1-0: Called Strike 1-1: Swinging Strike 1-2: Ground out U3 (Groundball, 34, EV 90.6 MPH)
|
| Bottom of the 3rd over - 0 runs, 1 hit, 0 errors, 1 left on base; Roswell 0 - Miami Beach 1 |
| TOP OF THE 4TH |
|
Roswell Invaders batting - Pitching for Miami Beach Marlins : LHP Matt Payne
|
|
Batting: LHB Dallas Kelly
|
0-0: Swinging Strike 0-1: Called Strike 0-2: Ball 1-2: Foul Ball, location: 2F 1-2: Strikes out swinging
|
|
Batting: RHB Mike Swift
|
0-0: Called Strike 0-1: Called Strike 0-2: Ball 1-2: Ball 2-2: Strikes out swinging
|
|
Batting: RHB Josh Burrows
|
0-0: Ball 1-0: Ball 2-0: Called Strike 2-1: Ball 3-1: Foul Ball, location: 2F 3-2: Strikes out swinging
|
| Top of the 4th over - 0 runs, 0 hits, 0 errors, 0 left on base; Roswell 0 - Miami Beach 1 |
| BOTTOM OF THE 4TH |
|
Miami Beach Marlins batting - Pitching for Roswell Invaders : LHP Henry Torres
|
|
Batting: RHB Willie Chavez
|
0-0: Ball 1-0: Swinging Strike 1-1: SINGLE (Flyball, 8RS, EV 88.1 MPH)
|
|
Batting: LHB Angelo Estrella
|
0-0: SINGLE (Groundball, 34S, EV 85.6 MPH) (infield hit) Willie Chavez to second
|
|
Batting: RHB J.D. Vander Klok
|
0-0: Ball 1-0: Foul Ball, location: 2F 1-1: Ball 2-1: Foul Ball, location: 2F 2-2: Ball 3-2: Fielders Choice at 2nd, 6-4 (Groundball, 6, EV 90.0 MPH) Willie Chavez to third
|
|
Batting: RHB Andy Kelly
|
0-0: Foul Ball, location: 2F 0-1: Fly out, F6 (Popup, 6M, EV 58.8 MPH)
|
|
Batting: RHB Axel Moltke
|
0-0: Called Strike 0-1: Ball 1-1: Ground out 4-3 (Groundball, 13, EV 85.0 MPH)
|
| Bottom of the 4th over - 0 runs, 2 hits, 0 errors, 2 left on base; Roswell 0 - Miami Beach 1 |
| TOP OF THE 5TH |
|
Roswell Invaders batting - Pitching for Miami Beach Marlins : LHP Matt Payne
|
|
Batting: RHB Cody Savastand
|
0-0: Swinging Strike 0-1: Foul Ball, location: 2F 0-2: Foul Ball, location: 2F 0-2: Foul Ball, location: 2F 0-2: Strikes out swinging
|
|
Batting: LHB Josh Thomas
|
0-0: Ball 1-0: Foul Ball, location: 2F 1-1: Foul Ball, location: 2F 1-2: Strikes out swinging
|
|
Batting: LHB Afanasy Apatenko
|
0-0: Ball 1-0: Foul Ball, location: 2F 1-1: Swinging Strike 1-2: Ball 2-2: Foul Ball, location: 2F 2-2: Foul Ball, location: 2F 2-2: Strikes out swinging
|
| Top of the 5th over - 0 runs, 0 hits, 0 errors, 0 left on base; Roswell 0 - Miami Beach 1 |
| BOTTOM OF THE 5TH |
|
Miami Beach Marlins batting - Pitching for Roswell Invaders : LHP Henry Torres
|
|
Batting: RHB Dale Young
|
0-0: Ball 1-0: Called Strike 1-1: DOUBLE (Line Drive, 7LM, EV 96.9 MPH)
|
|
Batting: LHB Mike Kara
|
0-0: Ball 1-0: Ball 2-0: Called Strike 2-1: Called Strike 2-2: Fly out, F6 (Popup, P, EV 76.9 MPH)
|
|
Batting: RHB Steve Barnard
|
0-0: Ball 1-0: Ball 2-0: Ball Wild Pitch! Dale Young to third 3-0: Base on Balls
|
|
Batting: LHB Eric Bailey
|
0-0: Called Strike 0-1: Foul Ball, location: 2F 0-2: Ball 1-2: Strikes out looking
|
|
Batting: RHB Willie Chavez
|
0-0: Swinging Strike 0-1: Fly out, F4 (Flyball, 3D, EV 77.5 MPH)
|
| Bottom of the 5th over - 0 runs, 1 hit, 0 errors, 2 left on base; Roswell 0 - Miami Beach 1 |
| TOP OF THE 6TH |
|
Roswell Invaders batting - Pitching for Miami Beach Marlins : LHP Matt Payne
|
|
Batting: LHB Falco van Koeveringe
|
0-0: Called Strike 0-1: Ball 1-1: Foul Ball, location: 2F 1-2: Ball 2-2: Strikes out looking
|
|
Batting: RHB Orlando Florez
|
0-0: Ball 1-0: Called Strike 1-1: Swinging Strike 1-2: Strikes out swinging
|
|
Batting: SHB Ethan Newby
|
0-0: Called Strike 0-1: Foul Ball, location: 2F 0-2: Ball 1-2: Ball 2-2: Strikes out swinging
|
| Top of the 6th over - 0 runs, 0 hits, 0 errors, 0 left on base; Roswell 0 - Miami Beach 1 |
| BOTTOM OF THE 6TH |
|
Miami Beach Marlins batting - Pitching for Roswell Invaders : LHP Henry Torres
|
|
Batting: LHB Angelo Estrella
|
0-0: Called Strike 0-1: Ball 1-1: Ground out 5-3 (Groundball, 56, EV 76.9 MPH)
|
|
Batting: RHB J.D. Vander Klok
|
0-0: SINGLE (Flyball, 8LS, EV 95.0 MPH)
|
|
Batting: RHB Andy Kelly
|
Balk! J.D. Vander Klok to second 0-0: Intentional Walk
|
|
Batting: RHB Axel Moltke
|
0-0: Called Strike 0-1: Called Strike 0-2: Ball 1-2: Ball 2-2: Foul Ball, location: 2F 2-2: Foul Ball, location: 2F 2-2: Ball 3-2: Grounds into double play, 4-6-3 (Groundball, 4, EV 103.8 MPH)
|
| Bottom of the 6th over - 0 runs, 1 hit, 0 errors, 1 left on base; Roswell 0 - Miami Beach 1 |
| TOP OF THE 7TH |
|
Roswell Invaders batting - Pitching for Miami Beach Marlins : LHP Matt Payne
|
|
Batting: LHB Dallas Kelly
|
0-0: Ball 1-0: Ball 2-0: Ball 3-0: Called Strike 3-1: Base on Balls
|
|
Batting: RHB Mike Swift
|
0-0: Ball 1-0: Ball 2-0: Called Strike 2-1: Foul Ball, location: 2F 2-2: Strikes out swinging
|
|
Batting: RHB Josh Burrows
|
0-0: Ball 1-0: Foul Ball, location: 2F 1-1: Swinging Strike 1-2: Hit by Pitch Dallas Kelly to second
|
|
Batting: RHB Cody Savastand
|
0-0: Sac Bunt to 2L - play at first, batter OUT! 2-3 Dallas Kelly to third Josh Burrows to second
|
|
Batting: LHB Josh Thomas
|
0-0: Swinging Strike 0-1: Swinging Strike 0-2: Foul Ball, location: 2F 0-2: Ball 1-2: Foul Ball, location: 2F 1-2: Strikes out swinging
|
| Top of the 7th over - 0 runs, 0 hits, 0 errors, 2 left on base; Roswell 0 - Miami Beach 1 |
| BOTTOM OF THE 7TH |
|
Miami Beach Marlins batting - Pitching for Roswell Invaders : LHP Henry Torres
|
|
Batting: RHB Dale Young
|
0-0: Ball 1-0: Ball 2-0: Ball 3-0: Called Strike 3-1: Base on Balls
|
|
Batting: LHB Mike Kara
|
0-0: Sac Bunt to 5S - play at first, batter OUT! 5-4 Dale Young to second
|
|
Batting: RHB Steve Barnard
|
0-0: Intentional Walk
|
|
Batting: LHB Eric Bailey
|
0-0: SINGLE (Groundball, 6S, EV 74.4 MPH) (infield hit) Dale Young to third Steve Barnard to second
|
|
Batting: RHB Willie Chavez
|
0-0: Called Strike 0-1: Foul Ball, location: 2F 0-2: Ball 1-2: SINGLE (Flyball, 89S, EV 89.4 MPH) Dale Young scores Steve Barnard to third Eric Bailey to second
|
|
Batting: LHB Angelo Estrella
|
0-0: Ball 1-0: Called Strike 1-1: Swinging Strike 1-2: Fly out, F7 (Flyball, 7LS, EV 85.6 MPH)
|
|
Batting: RHB J.D. Vander Klok
|
0-0: Ball 1-0: Ball 2-0: Foul Ball, location: 2F 2-1: Ball 3-1: Base on Balls Steve Barnard scores Eric Bailey to third Willie Chavez to second
|
|
Batting: RHB Andy Kelly
|
0-0: Ball 1-0: Foul Ball, location: 2F 1-1: Foul Ball, location: 2F 1-2: Foul Ball, location: 2F 1-2: Foul Ball, location: 2F 1-2: Foul Ball, location: 2F 1-2: Ball 2-2: Ball 3-2: SINGLE (Flyball, 3D, EV 98.8 MPH) Eric Bailey scores Willie Chavez to third J.D. Vander Klok to second Willie Chavez scores J.D. Vander Klok to third
|
|
Pitching: RHP Jake Priest
|
|
|
Batting: RHB Axel Moltke
|
0-0: Foul Ball, location: 2F 0-1: DOUBLE (Line Drive, 78D, EV 102.5 MPH) J.D. Vander Klok scores Andy Kelly to third
|
|
Batting: RHB Dale Young
|
0-0: Ball 1-0: Foul Ball, location: 2F 1-1: Ball 2-1: Ground out 6-3 (Groundball, 6M, EV 90.0 MPH)
|
| Bottom of the 7th over - 5 runs, 4 hits, 0 errors, 2 left on base; Roswell 0 - Miami Beach 6 |
| TOP OF THE 8TH |
|
Roswell Invaders batting - Pitching for Miami Beach Marlins : LHP Matt Payne
|
|
Pitching: RHP Jorge Lara
|
|
|
Batting: LHB Afanasy Apatenko
|
0-0: Foul Ball, location: 2F 0-1: Called Strike 0-2: Foul Ball, location: 2F 0-2: Ball 1-2: Strikes out looking
|
|
Batting: LHB Falco van Koeveringe
|
0-0: Ball 1-0: Foul Ball, location: 2F 1-1: Foul Ball, location: 2F 1-2: Strikes out swinging
|
|
Batting: RHB Orlando Florez
|
0-0: Called Strike 0-1: Foul Ball, location: 2F 0-2: Ball 1-2: Strikes out swinging
|
| Top of the 8th over - 0 runs, 0 hits, 0 errors, 0 left on base; Roswell 0 - Miami Beach 6 |
| BOTTOM OF THE 8TH |
|
Miami Beach Marlins batting - Pitching for Roswell Invaders : RHP Jake Priest
|
|
Batting: LHB Mike Kara
|
0-0: Ball 1-0: Foul Ball, location: 2F 1-1: Ball 2-1: Called Strike 2-2: Ball 3-2: Strikes out swinging
|
|
Batting: RHB Steve Barnard
|
0-0: Ball 1-0: Ball 2-0: Called Strike 2-1: Foul Ball, location: 2F 2-2: SOLO HOME RUN (Flyball, 9D, EV 95.0 MPH), Distance : 378 ft
|
|
Batting: LHB Eric Bailey
|
0-0: Ball 1-0: Ball 2-0: Ball 3-0: Base on Balls
|
|
Pitching: RHP Vinny Segura
|
|
|
Batting: RHB Willie Chavez
|
0-0: Ball 1-0: Fly out, F2 (Popup, 23F, EV 76.2 MPH)
|
|
Batting: LHB Angelo Estrella
|
0-0: TRIPLE (Line Drive, 89XD, EV 103.1 MPH) Eric Bailey scores
|
|
Batting: RHB J.D. Vander Klok
|
0-0: Ball 1-0: Ball 2-0: Ball 3-0: Foul Ball, location: 2F 3-1: Called Strike 3-2: Base on Balls
|
|
Batting: RHB Andy Kelly
|
0-0: Ball 1-0: Ball 2-0: Ball 3-0: Base on Balls J.D. Vander Klok to second
|
|
Batting: RHB Axel Moltke
|
0-0: Foul Ball, location: 2F 0-1: Ball 1-1: Ball 2-1: Fielders Choice at 2nd, 6-4 (Groundball, 56D, EV 83.8 MPH)
|
| Bottom of the 8th over - 2 runs, 2 hits, 0 errors, 3 left on base; Roswell 0 - Miami Beach 8 |
| TOP OF THE 9TH |
|
Roswell Invaders batting - Pitching for Miami Beach Marlins : RHP Jorge Lara
|
|
Batting: SHB Ethan Newby
|
0-0: Ball 1-0: Ground out 4-3 (Groundball, 4, EV 76.2 MPH)
|
|
Batting: LHB Dallas Kelly
|
0-0: Foul Ball, location: 2F 0-1: Called Strike 0-2: Foul Ball, location: 2F 0-2: Ball 1-2: Ball 2-2: Foul Ball, location: 2F 2-2: Foul Ball, location: 2F 2-2: Ball 3-2: Foul Ball, location: 2F 3-2: Fly out, F5 (Flyball, 56D, EV 84.4 MPH)
|
|
Batting: RHB Mike Swift
|
0-0: Swinging Strike 0-1: Swinging Strike 0-2: Ball 1-2: Ball 2-2: Strikes out swinging
|
| Top of the 9th over - 0 runs, 0 hits, 0 errors, 0 left on base; Roswell 0 - Miami Beach 8 |
|